 Dungeon Crawl Stone Soup version 0.29-a0-384-g6960b1960d (webtiles) character file.

Game seed: 17413196135872642640

117 jimonade the Insei (level 5, -2/34 HPs)
             Began as an Octopode Transmuter on May 7, 2022.
             Slain by Sigmund
             ... wielding a +0 scythe
              (6 damage)
             ... on level 2 of the Dungeon.
             The game lasted 00:06:44 (2619 turns).

jimonade the Insei (Octopode Transmuter)            Turns: 2619, Time: 00:06:45

Health: -2/34      AC:  1    Str: 11    XL:     5   Next: 1%
Magic:  9/9        EV: 13    Int: 15    God:
Gold:   112        SH:  5    Dex: 13    Spells: 8/9 levels left

rFire   . . .      SeeInvis .     - Unarmed
rCold   . . .      Faith    .   (no shield)
rNeg    . . .      Spirit   .   (helmet restricted)
rPois   .          Reflect  +   m - amulet of reflection
rElec   .          Harm     .   (no ring)
rCorr   .          Rampage  .   (no ring)
Will    .....                   (no ring)
Stlth   ++........              (no ring)
HPRegen 0.11/turn               (no ring)
MPRegen 0.11/turn               (no ring)
                                (no ring)
                                (no ring)

@: no status effects
A: almost no armour, amphibious, 8 rings, camouflage 1, gelatinous body 1,
(nimble swimmer 1), tentacles
a: no special abilities


You were on level 2 of the Dungeon.
You visited 1 branch of the dungeon, and saw 2 of its levels.

You collected 112 gold pieces.

Inventory:

Missiles
 c - 73 stones
Magical Staves
 h - a staff of death
Jewellery
 m - an amulet of reflection (around mantle)
Scrolls
 b - 2 scrolls of teleportation {unknown}
 d - a scroll of enchant armour {unknown}
 e - a scroll of identify {unknown}
 f - 2 scrolls of blinking {unknown}
 g - a scroll of fear {unknown}
 i - 2 scrolls of enchant weapon {unknown}
 j - a scroll of vulnerability {unknown}
 k - a scroll of silence {unknown}
 l - a scroll of brand weapon {unknown}
Potions
 a - 2 potions of lignification


   Skills:
 * Level 2.2 Fighting
 + Level 2.0 Dodging
 + Level 3.9 Unarmed Combat
 + Level 2.9 Spellcasting
 + Level 2.8 Transmutations


You had 8 spell levels left.
You knew the following spells:

 Your Spells              Type           Power      Damage    Failure   Level
a - Beastly Appendage     Tmut           20%        N/A       6%          1

Your spell library contained the following spells:

 Spells                   Type           Power      Damage    Failure   Level
 Wereblood                Tmut           10%        N/A       10%         2
 Spider Form              Tmut/Pois      6%         N/A       34%         3
 Ice Form                 Ice/Tmut       6%         N/A       75%         4


Dungeon Overview and Level Annotations

Branches:
Dungeon (2/15)

Altars:

Annotations:
D:2 Sigmund


Innate Abilities, Weirdness & Mutations

You cannot wear most types of armour.
You are amphibious.
You can wear up to eight rings at the same time.
Your skin changes colour to match your surroundings (Stealth+).
Your rubbery body absorbs attacks. (AC +1, EV +1)
((You are camouflaged when in or above water. (Stealth+)))
You have tentacles for arms and can constrict up to eight enemies at once.


Message History

You tentacle-slap Terence but do no damage.
You pierce Terence, but do no damage.
Terence is heavily wounded.
You constrict Terence.
Sigmund the Dreaded comes into view.
He is wielding a +0 scythe.
Terence hits you with a +0 trident!
* * * LOW HITPOINT WARNING * * *
Sigmund shouts!
You tentacle-slap Terence but do no damage.
Terence is heavily wounded.
Your tentacle spike disappears.
You constrict Terence, but do no damage.
You block Terence's attack.
You tentacle-slap Terence but do no damage.
You tentacle-slap Terence, but do no damage.
You squeeze Terence, but do no damage.
Terence is heavily wounded.
You constrict Terence, but do no damage.
Sigmund drinks a potion.
Sigmund flickers and vanishes!
Deactivating autopickup; reactivate with Ctrl-A.
Terence hits you but does no damage.
You tentacle-slap Terence but do no damage.
Terence is heavily wounded.
You constrict Terence. Terence closely misses you.
You tentacle-slap Terence.
Terence is almost dead.
You constrict Terence. Terence barely misses you.
You tentacle-slap Terence but do no damage.
You squeeze Terence.
You kill Terence!
You have reached level 5!
You feel agile.
You closely miss the frilled lizard. Your grab misses the frilled lizard.
Your squeeze misses the frilled lizard. The frilled lizard bites you.
* * * LOW HITPOINT WARNING * * *
You miss the frilled lizard. Your grab misses the frilled lizard.
You squeeze the frilled lizard.
You kill the frilled lizard!
Something hits you.
You die...

......# ####### .. .# ........
#.....######.. .# .........
#.....#....... .. # .....#....
#.....#......# .#
###......#....##.....#......###.#
..'......'.....+.................
..#......#.)...#......#####....##
..# ..... #(.)####..............
.)+ .... +..{)@.'..............
)## l.. #...####.)......####.# .#
.. ##### #...###### #.) ## #
##### ### ♣♣♣♣♣♣ ♣♣♣....♣♣ ♣♣♣♣♣♣
♣♣♣♣♣♣
♣..♣♣♣..♣♣♣♣♣♣♣....♣♣♣♣♣♣♣....♣♣♣
.♣♣♣ ♣......÷...♣♣...♣♣....♣♣♣..♣


There were no monsters in sight!

Vanquished Creatures
  Terence (D:2)
  A gnoll (D:2)
  2 adders (D:2)
  2 dart slugs
  10 bats
  7 endoplasms
  2 giant cockroaches (D:1)
  3 goblins (D:1)
  7 hobgoblins
  A jackal (D:1)
  6 kobolds
  2 quokkas (D:2)
  5 ball pythons
  3 frilled lizards
  5 rats
57 creatures vanquished.

Notes
Turn   | Place    | Note
-------+----------+-------------------------------------------
     0 | D:1      | jimonade the Octopode Transmuter began the quest for the
                  | Orb.
     0 | D:1      | Reached XP level 1. HP: 13/13 MP: 3/3
   411 | D:1      | Reached XP level 2. HP: 12/18 MP: 5/5
  1447 | D:1      | Reached XP level 3. HP: 23/23 MP: 4/6
  1687 | D:1      | Found a faded altar of an unknown god.
  1893 | D:2      | Noticed Terence
  2137 | D:2      | Reached XP level 4. HP: 27/29 MP: 7/7
  2612 | D:2      | Noticed Sigmund
  2617 | D:2      | Killed Terence
  2618 | D:2      | Reached XP level 5. HP: 6/34 MP: 9/9
  2619 | D:2      | Slain by Sigmund

Illustrated notes

Levels and vault maps discovered:
D:1:      minmay_arrival_radiant_lines, layout_basic,
          shapermc_ecumenical_altar_petra, minmay_nonomino_d4
D:2:      kb_forest_paths, layout_basic, uniq_sigmund, uniq_terence

Skill      XL: |  1  2  3  4 |
---------------+-------------+-----
Fighting       | 2 |  2.2
Dodging        | |  2.0
Unarmed Combat | |  3.9
Spellcasting   | |  2.9
Transmutations | |  2.8

Action                   |  1- 3 |  4- 6 || total
-------------------------+-------+-------++-------
Melee: Unarmed           |    87 |    38 ||   125
       Constrict         |    24 |     3 ||    27
       Kick              |    21 |     6 ||    27
       Tentacles         |    16 |    10 ||    26
       Punch             |     2 |     4 ||     6
 Cast: Beastly Appendage |    26 |    10 ||    36
 Stab: Sleeping          |     6 |     2 ||     8
Armor: Skin              |     4 |     3 ||     7
Dodge: Dodged            |    58 |    31 ||    89
Block: Other             |       |     2 ||     2

Table legend: (Time is in decaauts)
 A = Elapsed time spent in this place.
 B = Non-inter-level travel time spent in this place.
 C = Inter-level travel time spent in this place.
 D = Time resting spent in this place.
 E = Time spent auto-exploring this place.
 F = Levels seen in this place.
 G = Mean time per level.
                   A        B        C        D        E       F      G
               +--------+--------+--------+--------+--------+-----+--------+
         Total |   2611 |   2560 |     51 |    689 |   1313 |   2 | 1305.5 |
       Dungeon |   2611 |   2560 |     51 |    689 |   1313 |   2 | 1305.5 |
               +--------+--------+--------+--------+--------+-----+--------+

Top non-repeatable levels by time:
     D:1: 1838 daAuts
     D:2: 773 daAuts
